 Dungeon Crawl Stone Soup version 0.30-a0-137-gd8773701ce (webtiles) character file.

Game seed: 11312067188994109822

343 Iusername the Slasher (level 6, -10/56 HPs)
             Began as a Minotaur Berserker on Sept 21, 2022.
             Was a Believer of Trog.
             Killed from afar by Dowan (17 damage)
             ... with a stone arrow
             ... on level 4 of the Dungeon.
             The game lasted 00:06:25 (3126 turns).

Iusername the Slasher (Minotaur Berserker)          Turns: 3126, Time: 00:06:26

Health: -10/56     AC:  8    Str: 24    XL:     6   Next: 31%
Magic:  5/5        EV:  9    Int:  4    God:    Trog [**....]
Gold:   211        SH:  6    Dex:  9    Spells: 5/5 levels left

rFire   . . .      SeeInvis .    a - +0 falchion
rCold   . . .      Faith    .    w - +0 kite shield
rNeg    . . .      Spirit   .    s - +0 scale mail
rPois   .          Reflect  .    (helmet restricted)
rElec   .          Harm     .    (no cloak)
rCorr   .          Rampage  .    m - +0 pair of gloves
Will    .....                    (no boots)
Stlth   ..........               j - amulet of regeneration
HPRegen 0.98/turn                (no ring)
MPRegen 0.09/turn                (no ring)

@: lit by a corona, on berserk cooldown, slowed, glowing, very slow
A: horns 2, retaliatory headbutt
a: Renounce Religion, Berserk, Trog's Hand


You were on level 4 of the Dungeon.
You worshipped Trog.
Trog was pleased with you.
You visited 1 branch of the dungeon, and saw 4 of its levels.

You collected 211 gold pieces.

Inventory:

Hand Weapons
 a - a +0 falchion (weapon)
Armour
 m - a +0 pair of gloves (worn)
 s - a +0 scale mail (worn)
 w - a +0 kite shield (worn)
Jewellery
 j - an amulet of regeneration (around neck)
 q - a ring of magical power
Wands
 u - a wand of roots (1)
Scrolls
 b - 2 scrolls of fear {unknown}
 d - a scroll of magic mapping {unknown}
 f - 2 scrolls of teleportation {unknown}
 g - 5 scrolls of identify {unknown}
 h - 2 scrolls of enchant armour {unknown}
 i - a scroll of immolation {unknown}
 l - a scroll of enchant weapon {unknown}
 p - a scroll of torment {unknown}
Potions
 c - a potion of mutation {unknown}
 e - 2 potions of brilliance
 k - 2 potions of magic {unknown}
 n - 2 potions of curing {unknown}
 o - 2 potions of cancellation {unknown}
 r - 2 potions of heal wounds
 t - a potion of attraction {unknown}
 v - a potion of might {unknown}


   Skills:
 + Level 5.3 Fighting
 + Level 6.5 Long Blades
 + Level 3.2 Armour
 + Level 3.4 Dodging
 + Level 0.6 Stealth


You had 5 spell levels left.
You didn't know any spells.
Your spell library was empty.

Dungeon Overview and Level Annotations

Branches:
Dungeon (4/15)             Temple (0/1) D:4

Altars:
Sif Muna

Annotations:
D:4 Dowan


Innate Abilities, Weirdness & Mutations

You have a pair of horns on your head.
You reflexively headbutt those who attack you in melee.


Message History

You feel a strong urge to attack something.
You are no longer berserk.
You are exhausted.
You feel yourself slow down. Dowan casts a spell at you.
The stone arrow misses you. You block Dowan's attack.
Dowan hits you with a +0 dagger.
You barely miss Dowan.
Dowan is moderately wounded.
Dowan barely misses you.
Dowan points at you and mumbles some strange words.
The shard of ice hits you! Dowan casts a spell at you.
The shard of ice hits you!
It was a potion of heal wounds.
You feel much better.
Dowan says, "How can I live without her?"
Dowan hits you with a +0 dagger. Dowan casts a spell at you.
The shard of ice hits you!
You hit Dowan.
Dowan is moderately wounded.
Dowan hits you with a +0 dagger. You block Dowan's attack.
Dowan closely misses you.
You slash Dowan! Your headbutt misses Dowan.
Dowan is severely wounded.
Dowan gestures wildly while chanting.
Dowan blinks!
Dowan hits you with a +0 dagger.
You barely miss Dowan. Your headbutt misses Dowan.
Dowan is severely wounded.
Dowan hits you with a +0 dagger. Dowan hits you but does no damage.
You hit Dowan.
Dowan is almost dead.
Dowan barely misses you. Dowan gestures at you while chanting.
The shard of ice hits you!!
* * * LOW HITPOINT WARNING * * *
Dowan casts a spell at you. The stone arrow hits you!
You die...

.~~§~§~~...#
#§§§>§§§...#
#§§§§§§§...#
#.~§§~~....#
#..§§~.....##
#............ .
#...........
...##...........
.≈.....@........
§§...#.e........
≈§.# #.<........
≈≈ #.)........ ≈
#..........
#..........
##.........
##........
###.##...


You could see Dowan (fast).

Vanquished Creatures
  Duvessa (D:4)
  Natasha (thrice) (D:3)
  2 gnolls
  8 adders
  2 worms (D:2)
  2 dart slugs (D:2)
  4 orcs (D:3)
  7 endoplasms
  3 giant cockroaches
  5 goblins
  8 hobgoblins
  4 jackals (D:1)
  5 quokkas
  6 ball pythons
  4 bats
  A frilled lizard (D:1)
  5 kobolds
  3 rats
73 creatures vanquished.

Notes
Turn   | Place    | Note
-------+----------+-------------------------------------------
     0 | D:1      | Iusername the Minotaur Berserker began the quest for the
                  | Orb.
     0 | D:1      | Reached XP level 1. HP: 19/19 MP: 0/0
   554 | D:1      | Found a faded altar of an unknown god.
   605 | D:1      | Reached XP level 2. HP: 27/27 MP: 1/1
   607 | D:1      | Reached skill level 4 in Long Blades
  1034 | D:1      | Reached XP level 3. HP: 32/33 MP: 2/2
  1357 | D:2      | Reached ** piety under Trog
  1394 | D:2      | Reached XP level 4. HP: 41/41 MP: 3/3
  1895 | D:2      | Reached skill level 5 in Long Blades
  2331 | D:3      | Noticed Natasha
  2346 | D:3      | Killed Natasha
  2347 | D:3      | Reached XP level 5. HP: 30/47 MP: 4/4
  2517 | D:3      | Noticed Natasha
  2523 | D:3      | Reached skill level 5 in Fighting
  2524 | D:3      | Killed Natasha
  2578 | D:3      | Reached skill level 6 in Long Blades
  2603 | D:3      | Found a shimmering blue altar of Sif Muna.
  2636 | D:3      | Noticed Natasha
  2643 | D:3      | Killed Natasha
  3067 | D:4      | Noticed Dowan
  3068 | D:4      | Noticed Duvessa
  3113 | D:4      | Killed Duvessa
  3114 | D:4      | Reached XP level 6. HP: 56/56 MP: 5/5
  3118 | D:4      | Found a staircase to the Ecumenical Temple.
  3126 | D:4      | Killed from afar by Dowan

Illustrated notes

Levels and vault maps discovered:
D:1:      grunt_arrival_lava_bath, layout_rooms, basic_ecumenical_altar
D:2:      kennysheep_six_static_rooms, layout_loops_ring, minmay_hexomino_c4
D:3:      layout_basic, overflow_temple_1_default, serial_bayou_pond_d,
          uniq_natasha
D:4:      layout_cave_pods, nicolae_uskayaw_dance_hall,
          mainiacjoe_overflow_tiny_flanked, lightli_temple_of_fire,
          slow_altar_2, mainiacjoe_overflow_catwalk, minmay_temple_entry_mist,
          serial_column_ruins, column_ruins_columns_water,
          column_ruins_corridor_corner, column_ruins_grid_3,
          column_ruins_open_small, column_ruins_open_tiny, uniq_pikel,
          uniq_duvessa, uniq_edmund

Skill      XL: |  1  2  3  4  5 |
---------------+----------------+-----
Fighting       | 4 5 |  5.3
Long Blades    | 4 5 6 |  6.5
Dodging        | 3 |  3.4
Armour         | 3 |  3.2
Stealth        | |  0.6

Action                   |  1- 3 |  4- 6 || total
-------------------------+-------+-------++-------
Melee: Falchion          |    77 |   122 ||   199
       Headbutt          |     8 |    19 ||    27
       Punch             |       |     3 ||     3
Invok: Berserk           |     2 |     2 ||     4
  Use: Potion            |       |     1 ||     1
 Stab: Sleeping          |     1 |       ||     1
Armor: Animal skin       |    29 |     9 ||    38
       Scale mail        |       |    40 ||    40
Dodge: Dodged            |    72 |    75 ||   147
Block: Kite shield       |       |     6 ||     6

Table legend: (Time is in decaauts)
 A = Elapsed time spent in this place.
 B = Non-inter-level travel time spent in this place.
 C = Inter-level travel time spent in this place.
 D = Time resting spent in this place.
 E = Time spent auto-exploring this place.
 F = Levels seen in this place.
 G = Mean time per level.
                   A        B        C        D        E       F      G
               +--------+--------+--------+--------+--------+-----+--------+
         Total |   3184 |   3029 |    155 |    953 |   1328 |   4 |  796.0 |
       Dungeon |   3184 |   3029 |    155 |    953 |   1328 |   4 |  796.0 |
               +--------+--------+--------+--------+--------+-----+--------+

Top non-repeatable levels by time:
     D:1: 1422 daAuts
     D:2: 911 daAuts
     D:3: 817 daAuts
     D:4: 32 daAuts
